 Dungeon Crawl Stone Soup version 0.30.1-11-g7821555f0a (webtiles) character file.

Game seed: 14842417127071518142

100 ChrisAssaf the Sneak (level 4, -8/38 HPs)
             Began as a Gnoll Brigand on Nov 12, 2023.
             Was an Initiate of Yredelemnul.
             Mangled by Edmund
             ... wielding a +3 antimagic flail
              (9 damage)
             ... on level 4 of the Dungeon.
             The game lasted 00:06:20 (1203 turns).

ChrisAssaf the Sneak (Gnoll Brigand)                Turns: 1203, Time: 00:06:20

Health: -8/38      AC:  3    Str: 10    XL:     4   Next: 74%
Magic:  0/5        EV: 12    Int: 12    God:    Yredelemnul [......]
Gold:   120        SH:  0    Dex: 14    Spells: 4/5 levels left

rFire   . . .        h - +2 whip (elec)
rCold   . . .        (no shield)
rNeg    . . .        b - +0 robe
rPois   .            (no helmet)
rElec   .            c - +0 cloak
rCorr   .            (no gloves)
SInv    .            (no boots)
Will    .....        (no amulet)
Stlth   ++++         (no ring)
HPRegen 0.26/turn    (no ring)
MPRegen 0.09/turn

%: no passive effects
@: mighty, brilliant
A: fangs 1, strong nose, distributed training
a: Renounce Religion, Recall Undead Harvest


You were on level 4 of the Dungeon.
You worshipped Yredelemnul.
Yredelemnul was noncommittal.
You visited 1 branch of the dungeon, and saw 4 of its levels.

You collected 120 gold pieces.

Inventory:

Hand Weapons
 a - a +2 dagger
 h - a +2 whip of electrocution (weapon)
Missiles
 e - 3 curare-tipped darts
Armour
 b - a +0 robe (worn)
 c - a +0 cloak (worn)
Jewellery
 f - an amulet of guardian spirit
Scrolls
 d - a scroll of enchant armour {unknown}
 i - a scroll of vulnerability
 j - a scroll of identify {unknown}
 l - a scroll of butterflies {unknown}
Potions
 m - a potion of flight {unknown}
 o - a potion of heal wounds {unknown}


   Skills:
 + Level 4.7 Fighting
 + Level 4.7 Short Blades
 + Level 1.2 Long Blades
 + Level 1.2 Axes
 + Level 1.2 Maces & Flails
 + Level 1.2 Polearms
 + Level 1.2 Staves
 + Level 1.2 Ranged Weapons
 + Level 4.7 Throwing
 + Level 1.2 Armour
 + Level 2.8 Dodging
 + Level 7.9 Stealth
 + Level 1.2 Shields
 + Level 1.2 Unarmed Combat
 + Level 1.2 Spellcasting
 + Level 1.0 Conjurations
 + Level 1.0 Hexes
 + Level 1.0 Summonings
 + Level 1.0 Necromancy
 + Level 1.0 Translocations
 + Level 1.0 Transmutations
 + Level 1.0 Fire Magic
 + Level 1.0 Ice Magic
 + Level 1.0 Air Magic
 + Level 1.0 Earth Magic
 + Level 1.0 Poison Magic
 + Level 1.4 Invocations
 + Level 1.2 Evocations


You had 4 spell levels left.
You knew the following spells:

 Your Spells              Type           Power      Damage    Failure   Level
a - Sting                 Tmut/Pois      16%        1d3       19%         1

Your spell library contained the following spells:

 Spells                   Type           Power      Damage    Failure   Level


Dungeon Overview and Level Annotations

Branches:
Dungeon (4/15)
 Temple: D:4-7

Altars:
Vehumet
Yredelemnul

Shops:
D:2 (   D:4 *

Annotations:
D:3 Natasha
D:4 Edmund


Innate Abilities, Weirdness & Mutations

You have very sharp teeth.
Your uncanny sense of smell can sniff out nearby items.
Your experience applies equally to all skills.


Message History

Aiming: Sting (safe; 19% risk of failure)
Press: ? - help, Q - select action, (/) - cycle Shift-Dir - straight line, f/p - Edmund
Aim: Edmund, wielding a +3 antimagic flail and wearing a +2 chain mail of cold resistance (moderately wounded, 74% to hit)
You miscast Sting.
You are very lightly contaminated with residual magic.
Nothing appears to happen.
Edmund says, "I'm quite good with sums, too."
You hit Edmund but do no damage.
Edmund is moderately wounded.
Edmund hits you with a +3 antimagic flail!
You feel your power leaking away.
You hit Edmund but do no damage. You bite Edmund.
Edmund is moderately wounded.
Edmund hits you with a +3 antimagic flail!
* * * LOW HITPOINT WARNING * * *
You feel better.
Edmund hits you with a +3 antimagic flail!
* * * LOW HITPOINT WARNING * * *
You feel better. Edmund misses you.
You hit Edmund. Lightning courses through Edmund!
Edmund is severely wounded.
Edmund hits you with a +3 antimagic flail!
* * * LOW HITPOINT WARNING * * *
It was a potion of brilliance.
You feel clever all of a sudden. Edmund closely misses you.
Your magical contamination has completely faded away.
It was a potion of might.
You feel very mighty all of a sudden.
Edmund hits you with a +3 antimagic flail.
* * * LOW HITPOINT WARNING * * *
You whack Edmund!
Edmund is almost dead.
Edmund hits you with a +3 antimagic flail.
* * * LOW HITPOINT WARNING * * *
You hit Edmund. You bite Edmund, but do no damage.
Edmund is almost dead.
Edmund hits you with a +3 antimagic flail!
You die...
Your body rises from the dead as a mindless zombie.

#####.#.....##
#.#....##
#...#.##
#..##.# ∆
#..##.# ∆
#..##.# ##.##.#
####.#########
#.....@@..#
#########.#
#.#############
#)@.@..........
∆
##############.
#. ## ∆ # #


You could see Edmund.

Vanquished Creatures
  A hound (D:4)
  Robin (D:3)
  An adder (D:4)
  A worm (D:3)
  A dart slug (D:2)
  An orc (D:4)
  3 ball pythons
  4 endoplasms
  A giant cockroach (D:2)
  5 hobgoblins
  A quokka (D:2)
  2 bats (D:1)
  A frilled lizard (D:1)
  7 goblins
  3 kobolds
  3 rats
36 creatures vanquished.

Vanquished Creatures (collateral kills)
  4 goblins (D:3)
  A hobgoblin (D:3)
  A frilled lizard (D:2)
  A rat (D:2)
7 creatures vanquished.

Vanquished Creatures (others)
  A kobold zombie (D:4)
  A rat zombie (D:3)
2 creatures vanquished.

Grand Total: 45 creatures vanquished

Notes
Turn   | Place    | Note
-------+----------+-------------------------------------------
     0 | D:1      | ChrisAssaf the Gnoll Brigand began the quest for the Orb.
     0 | D:1      | Reached XP level 1. HP: 20/20 MP: 1/1
   208 | D:1      | Reached XP level 2. HP: 21/26 MP: 2/2
   271 | D:2      | Found Sewiaf's Antique Weapon Shoppe.
   312 | D:2      | Found a radiant altar of Vehumet.
   544 | D:2      | Found a faded altar of an unknown god.
   555 | D:2      | Got Plato's Vellum of Modification
   557 | D:2      | Prayed at the altar of an unknown god.
   557 | D:2      | Became a worshipper of Yredelemnul the Dark
   557 | D:2      | Reached * piety under Yredelemnul
   643 | D:2      | Reached XP level 3. HP: 31/31 MP: 3/3
   647 | D:2      | Learned a level 1 spell: Sting
   766 | D:3      | Noticed Natasha
   966 | D:3      | Reached skill level 1 in Invocations
   970 | D:3      | Noticed Robin
   981 | D:3      | Killed Robin
   982 | D:3      | Reached skill level 1 in Long Blades
   982 | D:3      | Reached skill level 1 in Axes
   982 | D:3      | Reached skill level 1 in Maces & Flails
   982 | D:3      | Reached skill level 1 in Polearms
   982 | D:3      | Reached skill level 1 in Staves
   982 | D:3      | Reached skill level 1 in Ranged Weapons
   982 | D:3      | Reached skill level 1 in Armour
   982 | D:3      | Reached skill level 1 in Shields
   982 | D:3      | Reached skill level 1 in Unarmed Combat
   982 | D:3      | Reached skill level 1 in Spellcasting
   982 | D:3      | Reached skill level 1 in Evocations
   994 | D:3      | Reached XP level 4. HP: 13/38 MP: 2/5
  1014 | D:4      | Found Inkettom's Lightly-Used Armoury.
  1122 | D:4      | Reached skill level 1 in Conjurations
  1122 | D:4      | Reached skill level 1 in Hexes
  1122 | D:4      | Reached skill level 1 in Summonings
  1122 | D:4      | Reached skill level 1 in Necromancy
  1122 | D:4      | Reached skill level 1 in Translocations
  1122 | D:4      | Reached skill level 1 in Transmutations
  1122 | D:4      | Reached skill level 1 in Fire Magic
  1122 | D:4      | Reached skill level 1 in Ice Magic
  1122 | D:4      | Reached skill level 1 in Air Magic
  1122 | D:4      | Reached skill level 1 in Earth Magic
  1122 | D:4      | Reached skill level 1 in Poison Magic
  1152 | D:4      | Noticed Edmund
  1202 | D:4      | HP: 1/38 [Edmund/+3 antimagic flail (1)]
  1203 | D:4      | Mangled by Edmund

Illustrated notes

Levels and vault maps discovered:
D:1:      dpeg_arrival_pits, layout_loops_ring
D:2:      layout_loops_ring, serial_shops, shop,
          shapermc_ecumenical_altar_rom_forum, serial_forest,
          infiniplex_forest_clump_double, infiniplex_forest_straight_1,
          infiniplex_forest_pool, infiniplex_forest_split,
          infiniplex_forest_diagonal, basic_altar, uniq_sigmund
D:3:      layout_rooms, grunt_decor_cap, nicolae_elevator_lobby_asterisk,
          uniq_natasha, uniq_robin
D:4:      layout_loops_ring, minmay_shop_damaged, minmay_puff, uniq_edmund

Skill      XL: |  1  2  3  4 |
---------------+-------------+-----
Invocations    | 1 |  1.4
Long Blades    | 1 |  1.2
Axes           | 1 |  1.2
Maces & Flails | 1 |  1.2
Polearms       | 1 |  1.2
Staves         | 1 |  1.2
Ranged Weapons | 1 |  1.2
Armour         | 1 |  1.2
Shields        | 1 |  1.2
Unarmed Combat | 1 |  1.2
Spellcasting   | 1 |  1.2
Evocations     | 1 |  1.2
Conjurations   | 1 |  1.0
Hexes          | 1 |  1.0
Summonings     | 1 |  1.0
Necromancy     | 1 |  1.0
Translocations | 1 |  1.0
Transmutations | 1 |  1.0
Fire Magic     | 1 |  1.0
Ice Magic      | 1 |  1.0
Air Magic      | 1 |  1.0
Earth Magic    | 1 |  1.0
Poison Magic   | 1 |  1.0
Fighting       | |  4.7
Short Blades   | |  4.7
Throwing       | |  4.7
Dodging        | |  2.8
Stealth        | |  7.9

Action                     |  1- 3 |  4- 6 || total
---------------------------+-------+-------++-------
  Melee: Whip              |    57 |    13 ||    70
         Dagger            |     6 |       ||     6
         Bite              |     3 |     3 ||     6
   Cast: Sting             |     3 |     6 ||     9
    Use: Potion            |     3 |     4 ||     7
         Scroll            |       |     1 ||     1
   Stab: Sleeping          |     6 |     2 ||     8
 Armour: Robe              |    21 |     1 ||    22
  Dodge: Dodged            |    36 |     6 ||    42
